 Dungeon Crawl Stone Soup version 0.23.2-40-g277498a001 (webtiles) character file.

Game seed: 17190364364551362522

2125 Boby the Digger (level 9, 0/51 HPs)
             Began as a Gargoyle Earth Elementalist on Oct 22, 2019.
             Was a Follower of Vehumet.
             Killed by divine providence
             ... invoked by an orc priest
              (9 damage)
             ... on level 6 of the Dungeon.
             The game lasted 00:44:07 (7623 turns).

Boby the Digger (Gargoyle Earth Elementalist)       Turns: 7623, Time: 00:44:07

Health: 0/51       AC:  9    Str: 11    XL:     9   Next: 29%
Magic:  0/17       EV: 13    Int: 20    God:    Vehumet [*.....]
Gold:   326        SH:  0    Dex: 10    Spells: 9/18 levels left

rFire    + . .     SeeInvis .   G - +2 short sword (drain)
rCold    + . .     Gourm    .   (no shield)
rNeg     + . .     Faith    .   c - +0 robe
rPois    ∞         Spirit   +   (no helmet)
rElec    +         Reflect  .   y - scarf {rC+ rF+}
rCorr    .         Harm     .   q - +0 pair of gloves
MR       .....                  (no boots)
Stlth    ++........             s - amulet of guardian spirit
HPRegen  0.17/turn              (no ring)
MPRegen  0.15/turn              (no ring)

@: no status effects
A: negative energy resistance 1, electricity resistance, unbreathing,
petrification resistance, rot immunity, AC +6
a: Renounce Religion


You were on level 6 of the Dungeon.
You worshipped Vehumet.
Vehumet was aware of your devotion.
You were not hungry.

You visited 2 branches of the dungeon, and saw 8 of its levels.

You collected 326 gold pieces.

Inventory:

Hand Weapons
 j - a +0 spear
   (You found it on level 1 of the Dungeon)
 x - a +0 flail
   (You found it on level 3 of the Dungeon)
 G - a +2 short sword of draining (weapon)
   (You found it on level 6 of the Dungeon)
Missiles
 b - 35 stones (quivered)
Armour
 c - a +0 robe (worn)
 q - a +0 pair of gloves (worn)
   (You found it on level 2 of the Dungeon)
 y - a scarf of resistance (worn)
   (You found it on level 5 of the Dungeon)
 A - a scarf of cloud immunity
   (You found it on level 5 of the Dungeon)
Jewellery
 s - an amulet of guardian spirit (around neck)
   (You found it on level 2 of the Dungeon)
 I - an uncursed amulet of the acrobat
   (You found it on level 6 of the Dungeon)
Wands
 d - a wand of iceblast (7)
   (You found it on level 4 of the Dungeon)
 t - a wand of flame (17)
   (You took it off a centaur on level 6 of the Dungeon)
 v - a wand of digging (5)
   (You found it on level 7 of the Dungeon)
Scrolls
 a - a scroll of noise {unknown}
 f - 8 scrolls of identify {@r1}
 h - 2 scrolls of immolation {unknown}
 i - 2 scrolls of fear
 n - 5 scrolls of remove curse {@r2}
 p - 3 scrolls of teleportation {unknown}
 r - 5 scrolls of amnesia
 B - a scroll of blinking {unknown}
 D - a scroll of enchant weapon {unknown}
 E - a scroll of magic mapping {unknown}
 F - a scroll of vulnerability {unknown}
Potions
 g - 2 potions of lignification {unknown}
 k - 2 potions of berserk rage {unknown}
 l - 2 potions of invisibility {unknown}
 m - 2 potions of curing {@q1}
 o - a potion of haste {unknown}
 u - a potion of cancellation {unknown}
 w - a potion of might {unknown}
 z - 2 potions of ambrosia {unknown}
 H - a potion of magic {unknown}
Comestibles
 e - 15 rations {!d}
 C - 2 chunks of flesh


   Skills:
 + Level 3.4 Fighting
 + Level 3.0 Maces & Flails
 + Level 3.3 Armour
 + Level 3.2 Dodging
 - Level 2.1 Stealth
 + Level 5.3 Spellcasting
 + Level 5.0 Conjurations
   Level 0.7 Transmutations
 + Level 7.6 Earth Magic
 + Level 2.8 Evocations


You had 9 spell levels left.
You knew the following spells:

 Your Spells              Type           Power        Failure   Level  Hunger
a - Sandblast             Erth           #####.       1%          1    None
b - Lee's Rapid Deconstr  Erth           #####.....   14%         5    #####..
x - Stone Arrow           Conj/Erth      ####..       2%          3    ##.....

Your spell library contained the following spells:

 Spells                   Type           Power        Failure   Level  Hunger
 Magic Dart               Conj           ####         1%          1    None
 Passwall                 Tmut/Erth      ###.....     3%          2    None
 Shock                    Conj/Air       ###.         4%          1    None
 Corona                   Hex            #......      11%         1    None
 Dazzling Spray           Conj/Hex       ###...       12%         3    ##.....
 Static Discharge         Conj/Air       ###.....     12%         3    ##.....
 Ensorcelled Hibernation  Hex/Ice        #.....       17%         2    None
 Swiftness                Chrm/Air       #.......     17%         2    None
 Petrify                  Tmut/Erth      ###.....     21%         4    ####...
 Confuse                  Hex            #.......     32%         3    ##.....
 Tukima's Dance           Hex            #.......     32%         3    ##.....
 Airstrike                Air            #.........   73%         4    ####...
 Lightning Bolt           Conj/Air       ###.......   73%         5    #####..


Dungeon Overview and Level Annotations

Branches:
Dungeon (7/15)             Temple (1/1) D:5

Altars:
Ashenzari
Elyvilon
Fedhas
Gozag
Makhleb
Nemelex Xobeh
Qazlal
Uskayaw
Vehumet
Xom

Shops:
D:7 *

Annotations:
D:4 1 runed translucent door, Turgon's ghost, weakling OpFi


Innate Abilities, Weirdness & Mutations

You are resistant to torment.
Your stone body is resilient. (AC +6)
You are immune to poison.
You resist negative energy. (rN+)
You are resistant to electric shocks. (rElec)
You can survive without breathing.
You are immune to petrification.
You are immune to rotting.


Message History

There is a stone staircase leading down here.
You start resting.
You climb downwards.
There is a stone staircase leading up here.
Aim: a yak The stone arrow hits the yak!
Aim: a yak (moderately wounded)
The stone arrow hits the yak!
The yak barely misses you.
You climb upwards.
There is a stone staircase leading down here.
Aim: a yak (heavily wounded)
The stone arrow hits the yak!
The yak gores you!
Aim: a yak (heavily wounded)
The stone arrow misses the yak.
The yak barely misses you.
Aim: a yak (heavily wounded)
The stone arrow hits the yak!
The yak misses you.
You hit the yak. The yak barely misses you.
You hit the yak but do no damage. You drain the yak.
You kill the yak!
Vehumet accepts your kill.
Your Maces & Flails skill increases to level 3!
Okay, then.
You start resting.
Eating one of 3 chunks of flesh.
You eat one of the 3 chunks of flesh.
The orc priest is too close now for your liking.
The orc priest shouts!
The orc priest calls down the wrath of Beogh upon you.
Beogh smites you!
Aim: an orc priest, wearing a +0 leather armour The stone arrow hits the orc priest!
You don't have enough magic to cast that spell.
Aim: an orc priest, wearing a +0 leather armour (almost dead)
The blast of sand hits the orc priest but does no damage.
b - 37 stones The orc priest mumbles some strange prayers to Beogh against you.
Beogh smites you!
* * * LOW HITPOINT WARNING * * *
Aim: an orc priest, wearing a +0 leather armour (almost dead)
The blast of sand misses the orc priest.
b - 36 stones The orc priest invokes the aid of Beogh against you.
Beogh smites you!
* * * LOW HITPOINT WARNING * * *
Aim: an orc priest, wearing a +0 leather armour (almost dead)
The blast of sand hits the orc priest but does no damage.
b - 35 stones The orc priest calls down the wrath of Beogh upon you.
Beogh smites you!
You die...

.............####...........#####
..............##....##........#
...≈....≈...........#........##
......).......................###
.....≈≈.............##..##......#
#....≈≈..................##.##...
.........................#.......
...≈....≈...##...................
...............#@..........#.....
............#.##..........###....
..............##...........#.....
####.........#.o.......###....##.
...............................##
####....#..............#[......##
##...##..........#..#........#
######..........#...#......##
#.....÷>..........)..##


You could see an orc priest.

Vanquished Creatures
  A yak (D:6)
  A human (D:7)
  2 hogs (D:6)
  An orc warrior (D:5)
  A black bear (D:7)
  2 centaurs
  3 ogres (D:6)
  A crocodile (D:7)
  2 bullfrogs
  A scorpion (D:7)
  A water moccasin skeleton (D:5)
  A howler monkey (D:5)
  2 crimson imps
  A quasit (D:7)
  3 orc priests
  2 jellies
  2 hounds
  2 orc wizards (D:5)
  4 worker ants
  A hound skeleton (D:6)
  A worker ant zombie (D:6)
  3 adders
  2 shadow imps
  2 oozes (D:1)
  3 worms
  2 dart slugs
  3 leopard geckos
  10 orcs
  8 bats
  3 giant cockroaches
  8 goblins
  6 hobgoblins
  2 jackals (D:2)
  6 quokkas
  A ball python (D:1)
  3 frilled lizards
  10 kobolds
  5 rats
112 creatures vanquished.

Notes
Turn   | Place    | Note
-------+----------+-------------------------------------------
     0 | D:1      | Boby the Gargoyle Earth Elementalist began the quest for
                  | the Orb.
     0 | D:1      | Reached XP level 1. HP: 10/10 MP: 3/3
   243 | D:1      | Reached skill level 4 in Earth Magic
   243 | D:1      | Reached XP level 2. HP: 15/15 MP: 0/5
   947 | D:1      | Reached XP level 3. HP: 18/19 MP: 0/7
  1563 | D:2      | You fall through a shaft for 2 floors!
  1591 | D:5      | Entered Level 5 of the Dungeon
  2279 | D:2      | Learned a level 3 spell: Stone Arrow
  2545 | D:3      | Reached XP level 4. HP: 24/24 MP: 4/8
  2675 | D:3      | Found a faded altar of an unknown god.
  2987 | D:3      | Reached skill level 5 in Earth Magic
  2990 | D:3      | Reached skill level 1 in Conjurations
  3705 | D:4      | Reached XP level 5. HP: 28/28 MP: 5/10
  3881 | D:4      | Found a runed translucent door.
  3881 | D:4      | Noticed Turgon's ghost (weakling OpFi)
  4429 | D:5      | Found a staircase to the Ecumenical Temple.
  4524 | Temple   | Entered the Ecumenical Temple
  4556 | Temple   | Became a worshipper of Vehumet
  4619 | D:5      | Reached XP level 6. HP: 32/32 MP: 9/11
  4798 | D:5      | Reached skill level 6 in Earth Magic
  5169 | D:5      | Reached XP level 7. HP: 36/36 MP: 6/13
  5590 | D:5      | Reached skill level 1 in Fighting
  5647 | D:6      | Reached skill level 1 in Maces & Flails
  5647 | D:6      | Reached skill level 1 in Armour
  5647 | D:6      | Reached skill level 1 in Evocations
  5817 | D:6      | Reached XP level 8. HP: 44/44 MP: 8/15
  6187 | D:6      | Reached skill level 7 in Earth Magic
  6597 | D:7      | Reached * piety under Vehumet
  6597 | D:7      | Offered knowledge of Magic Dart by Vehumet.
  6631 | D:7      | Noticed a two-headed ogre
  6681 | D:7      | Reached skill level 5 in Spellcasting
  6977 | D:7      | Found Ogekhlus's General Store.
  7000 | D:7      | Learned a level 5 spell: Lee's Rapid Deconstruction
  7216 | D:7      | Noticed a yak
  7221 | D:7      | Reached XP level 9. HP: 46/50 MP: 0/16
  7478 | D:6      | Reached skill level 5 in Conjurations
  7623 | D:6      | Killed from afar by an orc priest

Skill      XL: |  1  2  3  4  5  6  7  8  9 |
---------------+----------------------------+-----
Earth Magic    | 4 5 6 7 |  7.6
Spellcasting   | 3 4 5 |  5.3
Conjurations   | 1 2 3 4 5 |  5.0
Fighting       | 1 3 |  3.4
Maces & Flails | 1 2 3 |  3.0
Armour         | 1 2 3 |  3.3
Evocations     | 1 2 |  2.8
Dodging        | 2 3 |  3.2
Stealth        | |  2.1
Transmutations | |  0.7

Action                   |  1- 3 |  4- 6 |  7- 9 || total
-------------------------+-------+-------+-------++-------
Melee: Spear             |       |     4 |       ||     4
       Short sword       |       |       |     2 ||     2
 Cast: Sandblast         |    54 |    66 |    63 ||   183
       Stone Arrow       |       |     1 |    42 ||    43
  Use: Scroll            |       |     1 |     4 ||     5
  Eat: Chunk             |     5 |     4 |    11 ||    20
       Ration            |       |     1 |       ||     1
Armor: Robe              |     4 |     7 |     5 ||    16
Dodge: Dodged            |     7 |    14 |    22 ||    43
